Map: Deathaura LE

Players

makeaturret - Winner!

  • Race: Terran Terran
  • League: Platinum
  • Spawn Location: 11:00

Hydropic

  • Race: Zerg Zerg
  • League: Platinum
  • Spawn Location: 5:00

VOD

Have the link to the VOD?

Description

Time

  • Played on: Dec. 22, 2020, 4:11 p.m.
  • Length: 24:38
Show
View Real Time Build Order
Export as new Build Order

makeaturret Terran - Winner!

Build Orders: 2 Factory 

Get SALT Encoding   

  12  0:00  SCV  
  13  0:13  Supply Depot  
  13  0:21  SCV  
  14  0:26  Refinery  
  14  0:40  Barracks  
  14  0:44  SCV  
  15  0:56  SCV  
  16  1:10  SCV  
  17  1:28  Barracks Tech Lab  
  17  1:43  Barracks Tech Lab  
  17  1:45  Command Center  
  17  1:52  Supply Depot  
  17  1:55  Barracks Tech Lab  
  17  1:57  SCV  
  18  2:08  Factory  
  18  2:09  SCV  
  19  2:20  Stimpack  
  19  2:21  SCV  
  20  2:33  SCV  
  20  2:35  Refinery  
  21  2:45  SCV  
  24  2:59  Factory Reactor  
  24  3:00  Marine  
  24  3:04  Orbital Command  
  23  3:08  SCV  
  24  3:18  Marine  
  25  3:21  SCV  
  26  3:28  Factory  
  26  3:31  Supply Depot  
  26  3:33  SCV  
  27  3:43  Widow Mine x2  
  27  3:45  SCV  
  27  3:47  Marine  
  33  3:57  SCV  
  34  4:06  Hellion x2  
  34  4:08  Barracks  
  34  4:09  SCV  
  39  4:14  Hellion  
  41  4:27  Supply Depot, Hellion  
  41  4:28  Hellion, SCV  
  41  4:29  SCV  
  47  4:34  Combat Shield  
  47  4:40  SCV  
  47  4:45  Starport  
  48  4:52  SCV  
  45  4:53  Factory Tech Lab  
  45  4:55  Widow Mine x2  
  49  5:02  Marauder  
  49  5:04  SCV  
  49  5:05  Barracks Tech Lab  
  52  5:17  Widow Mine  
  54  5:23  Marauder x2  
  54  5:24  Starport Tech Lab  
  58  5:35  Siege Tank  
  61  5:51  Marauder  
  55  6:04  Marine  
  55  6:08  Cyclone  
  59  6:12  Marine  
  59  6:16  Widow Mine x2  
  62  6:30  Armory  
  62  6:37  Supply Depot  
  62  6:42  Supply Depot  
  62  6:44  Marine x2, SCV x2  
  62  6:45  Widow Mine  
  64  6:56  SCV x2  
  66  7:02  Marauder x2  
  66  7:05  Command Center  
  66  7:08  SCV  
  71  7:10  Orbital Command  
  71  7:15  Refinery  
  71  7:17  Barracks  
  71  7:23  Cloaking Field  
  71  7:24  Marauder x2, Banshee  
  71  7:29  Hellbat  
  80  7:32  Hellion  
  82  7:45  Marine, Marauder  
  74  8:02  Marine  
  74  8:05  Thor  
  78  8:06  Marine, Widow Mine x2  
  78  8:07  Supply Depot  
  78  8:08  Barracks Tech Lab  
  78  8:09  SCV  
  84  8:20  Marine  
  84  8:21  SCV  
  84  8:24  Marine  
  84  8:26  Refinery  
  87  8:28  Hellbat  
  87  8:34  SCV  
  88  8:39  Widow Mine  
  90  8:46  SCV  
  90  8:48  Siege Tank  
  94  8:49  Widow Mine  
  96  8:58  SCV  
  96  9:00  Widow Mine  
  99  9:06  Marauder  
  99  9:08  Marauder x2  
  105  9:10  Widow Mine  
  107  9:27  SCV  
  107  9:29  Engineering Bay  
  108  9:39  SCV  
  109  9:51  Supply Depot  
  109  9:56  SCV, Marauder x3  
  116  10:07  Supply Depot  
  116  10:08  SCV  
  116  10:09  Supply Depot  
  116  10:13  Hellbat x2  
  121  10:14  Supply Depot  
  121  10:18  Marauder x2  
  125  10:28  Planetary Fortress  
  125  10:29  Marauder  
  125  10:34  Hellbat x2  
  131  10:37  Supply Depot  
  131  10:39  Marauder x2  
  135  10:43  Refinery  
  135  10:50  Thor  
  135  10:51  Marauder, Command Center  
  135  10:55  Hellbat x2  
  145  11:00  Marine, Marauder  
  145  11:12  Marauder  
  145  11:17  Hellbat, Widow Mine  
  145  11:18  Marine  
  152  11:22  Marauder  
  152  11:23  SCV x3  
  155  11:27  Refinery  
  155  11:28  Engineering Bay  
  155  11:33  Marauder  
  157  11:48  Factory  
  157  11:56  Hellbat, Widow Mine x2, SCV x2, Marauder x3  
  114  12:14  SCV  
  115  12:17  Hellbat x3, Marine, Marauder  
  115  12:18  Marauder  
  126  12:26  SCV, Command Center  
  127  12:35  Marine  
  128  12:38  Marine, SCV, Siege Tank  
  128  12:39  Hellbat x2, Marine  
  138  12:53  Marine  
  138  12:56  Marine x2  
  141  13:00  Hellbat x2  
  143  13:10  Marine, Siege Tank  
  145  13:14  Marine  
  145  13:16  Factory Tech Lab  
  146  13:20  Supply Depot  
  146  13:25  Command Center  
  146  13:29  Marauder x2  
  146  13:32  Marauder  
  146  13:33  Widow Mine  
  156  13:36  Widow Mine  
  156  13:40  Terran Infantry Armor Level 1  
  156  13:42  Supply Depot, Missile Turret  
  156  13:43  Hellbat  
  158  13:50  Marauder  
  158  13:51  Marauder  
  158  13:54  Marauder  
  158  13:55  Planetary Fortress, Widow Mine  
  166  13:57  Widow Mine, Siege Tank  
  166  14:02  SCV x3  
  174  14:04  Siege Tank  
  174  14:05  Supply Depot  
  177  14:12  Marauder x2  
  177  14:14  SCV x3  
  177  14:15  Marauder  
  177  14:16  Hellbat  
  188  14:18  Hellbat  
  190  14:26  SCV  
  190  14:29  Siege Tank  
  188  14:34  Marine x2  
  188  14:36  Marine, Siege Tank  
  188  14:37  Hellbat  
  191  14:40  Hellbat  
  193  14:50  SCV  
  193  14:52  Marine x2  
  196  14:54  Marine  
  197  15:03  SCV x2  
  197  15:04  SCV  
  193  15:07  Refinery x2  
  193  15:08  Siege Tank  
  193  15:10  Marine x2  
  193  15:11  Hellbat x2  
  193  15:12  Marine  
  122  15:15  SCV  
  114  15:27  SCV  
  115  15:28  Marauder x2  
  115  15:30  Marauder  
  115  15:32  Hellbat x2, SCV  
  116  15:37  Siege Tank  
  116  15:39  SCV  
  116  15:40  Thor  
  126  15:44  SCV  
  126  15:49  Marauder, Missile Turret  
  131  15:50  Marauder  
  131  15:51  SCV, Marauder  
  131  15:53  Hellbat  
  131  15:54  Hellbat  
  131  15:56  SCV  
  139  15:58  SCV  
  139  16:03  SCV  
  141  16:09  Thor  
  141  16:10  SCV  
  141  16:11  Marauder x2  
  149  16:13  Marauder  
  149  16:15  Hellbat x2, SCV  
  146  16:19  Command Center  
  146  16:22  SCV  
  145  16:32  Marauder x2  
  149  16:34  SCV x2, Marauder  
  149  16:37  Refinery  
  153  16:42  Widow Mine  
  153  16:43  Widow Mine  
  153  16:46  SCV x2  
  159  16:54  Marauder x2  
  163  16:55  Marauder  
  163  16:58  SCV  
  166  17:10  SCV  
  166  17:15  Marauder x2  
  171  17:17  Marauder  
  173  17:30  Supply Depot  
  173  17:34  Hellbat x4  
  173  17:35  SCV x3  
  173  17:36  Marauder  
  173  17:37  Marauder  
  188  17:38  Marauder  
  188  17:44  Orbital Command  
  190  17:47  SCV  
  191  17:51  SCV, Missile Turret  
  191  17:52  Missile Turret  
  191  17:53  Supply Depot  
  191  17:55  Hellbat  
  191  17:57  Marine  
  191  17:58  Marauder  
  197  17:59  Marine  
  197  18:03  SCV  
  197  18:16  SCV  
  197  18:17  Terran Infantry Weapons Level 1  
  198  18:29  Orbital Command, Command Center  
  198  18:41  Marauder  
  200  18:45  Command Center  
  200  18:54  Refinery  
  172  19:08  Marauder x3  
  118  19:20  Hellbat x4  
  120  19:29  Marauder x3  
  126  19:36  Command Center  
  123  19:41  Hellbat x3  
  123  19:42  Hellbat  
  129  19:50  Marauder  
  129  19:51  Marauder x2  
  134  20:02  Hellion  
  134  20:03  Hellion x3  
  142  20:12  Marauder x3  
  137  20:24  Hellion x4  
  136  20:33  Marauder x2  
  136  20:34  Marauder  
  136  20:42  Refinery  
  136  20:45  Widow Mine, Hellion  
  136  20:46  Widow Mine x2  
  144  20:51  Refinery  
  144  20:55  Marauder x3  
  150  20:58  Refinery  
  150  21:07  Widow Mine  
  152  21:16  Orbital Command, Marauder x3  
  158  21:37  Marauder  
  158  21:38  Marauder x2  
  154  21:48  Hellbat x4  
  154  21:50  SCV  
  154  21:51  SCV  
  130  21:59  Marauder x3  
  136  22:02  SCV  
  137  22:09  Hellbat x3  
  137  22:14  SCV  
  137  22:15  Terran Infantry Weapons Level 2  
  144  22:20  Marauder x3  
  144  22:22  Hellbat  
  152  22:26  SCV  
  153  22:31  Hellbat x3  
  159  22:41  Marauder  
  159  22:42  Marauder x2  
  159  22:43  Hellbat  
  167  22:52  Hellbat x3  
  167  22:57  Factory  
  173  22:59  Factory  
  173  23:01  Orbital Command  
  173  23:03  Marauder x3  
  173  23:04  Siege Tank  
  182  23:06  Command Center  
  182  23:13  Siege Tank  
  185  23:24  Marauder x2  
  185  23:25  Marauder  
  195  23:27  Widow Mine x2  
  195  23:36  Siege Tank  
  198  23:46  Marauder  
  200  23:56  Factory Tech Lab x2  
  200  24:03  Barracks  
  200  24:04  Barracks  
Show
View Real Time Build Order
Export as new Build Order

Hydropic Zerg 

Build Orders: Hatch First 

Get SALT Encoding   

  12  0:00  Drone  
  13  0:12  Overlord  
  13  0:17  Drone  
  14  0:31  Drone x2  
  16  0:36  Drone  
  17  0:51  Hatchery  
  17  0:55  Drone  
  17  1:00  Drone  
  18  1:16  Spawning Pool, Extractor, Drone  
  17  1:20  Drone  
  18  1:29  Drone  
  19  1:40  Overlord  
  19  1:50  Drone  
  20  2:01  Drone  
  21  2:04  Queen, Drone  
  21  2:05  Queen  
  26  2:12  Drone  
  26  2:14  Drone  
  28  2:20  Metabolic Boost  
  28  2:22  Drone  
  29  2:27  Drone  
  30  2:36  Drone  
  31  2:38  Hatchery, Drone  
  31  2:49  Queen  
  31  2:50  Drone  
  31  2:51  Drone  
  35  2:56  Drone  
  36  3:10  Overlord x2  
  36  3:11  Overlord  
  36  3:29  Drone x3  
  36  3:30  Drone  
  40  3:39  Drone x2  
  40  3:40  Roach Warren, Drone x2  
  43  3:53  Drone x3  
  43  3:54  Drone  
  47  4:01  Extractor  
  46  4:03  Baneling Nest  
  46  4:07  Drone x3  
  48  4:21  Roach x7  
  62  4:26  Queen, Drone x2  
  66  4:32  Overlord x2  
  66  4:51  Zergling x6  
  66  4:52  Zergling x12  
  75  5:03  Lair  
  75  5:05  Pneumatized Carapace  
  75  5:11  Hatchery  
  74  5:15  Baneling x7  
  74  5:17  Drone x2  
  74  5:18  Drone x6  
  82  5:25  Extractor  
  81  5:42  Drone  
  82  5:43  Overlord x4  
  82  5:44  Overlord x3  
  80  5:53  Zergling x4  
  78  6:02  Zergling x2  
  78  6:15  Zergling x2  
  78  6:16  Zergling x8  
  84  6:18  Drone  
  84  6:26  Hydralisk Den  
  84  6:27  Drone x3  
  86  6:35  Drone x5  
  86  6:39  Drone x4  
  95  6:40  Zergling x6  
  95  6:41  Zergling x2  
  95  6:48  Zergling x8  
  95  6:53  Zergling x2  
  96  6:58  Zergling x2  
  96  6:59  Zergling x4  
  95  7:06  Queen  
  95  7:07  Zergling x22  
  108  7:08  Baneling x5  
  108  7:09  Baneling x16  
  108  7:11  Drone  
  109  7:23  Drone x2  
  109  7:24  Drone x2  
  109  7:29  Extractor  
  112  7:32  Overseer  
  112  7:35  Drone x3  
  115  7:38  Extractor, Zergling x20  
  124  7:50  Zergling x6  
  124  7:51  Zergling x4  
  114  7:58  Zergling x4  
  114  8:03  Zergling x12  
  120  8:11  Spore Crawler  
  120  8:12  Spore Crawler x2  
  118  8:14  Spore Crawler  
  118  8:15  Spore Crawler  
  118  8:16  Spore Crawler x2  
  118  8:19  Spore Crawler x4  
  109  8:20  Zergling x8  
  109  8:21  Spore Crawler, Zergling x8  
  115  8:35  Extractor  
  115  8:36  Hatchery  
  115  8:37  Drone  
  115  8:38  Drone x2  
  115  8:39  Drone x4  
  120  8:49  Overseer  
  120  8:52  Zergling x18  
  129  8:57  Spire  
  129  8:58  Drone  
  129  9:04  Centrifical Hooks  
  129  9:43  Infestation Pit  
  128  9:49  Hydralisk x2  
  128  9:51  Spore Crawler, Overlord  
  128  9:52  Spore Crawler, Overlord x11  
  130  9:54  Spore Crawler  
  125  10:11  Hatchery  
  122  10:21  Drone x6  
  126  10:22  Corruptor  
  126  10:23  Corruptor x9  
  126  10:24  Overseer  
  126  10:28  Overseer x2  
  148  10:41  Drone x4  
  150  10:50  Extractor  
  138  11:04  Zergling x20  
  138  11:05  Zergling x2  
  138  11:06  Drone  
  138  11:07  Queen, Drone x5  
  157  11:25  Drone x3  
  159  11:26  Queen, Drone x3  
  159  11:28  Drone x3  
  159  11:29  Extractor  
  167  11:33  Extractor  
  167  11:35  Baneling x20  
  167  11:36  Baneling x7  
  167  11:37  Drone  
  167  11:38  Drone x4  
  171  11:43  Extractor  
  171  11:44  Burrow  
  170  11:47  Evolution Chamber  
  170  11:48  Evolution Chamber  
  125  12:03  Zergling x30  
  135  12:09  Zergling x4  
  135  12:10  Zergling x2  
  139  12:15  Zergling x4  
  139  12:16  Zergling x2  
  141  12:23  Baneling  
  141  12:24  Baneling x19  
  141  12:26  Zergling x12  
  147  12:30  Zergling x2  
  147  12:31  Baneling x9  
  147  12:32  Baneling x5, Zergling x4  
  147  12:35  Zergling x2  
  146  12:38  Zergling x2  
  147  12:45  Zergling x6  
  147  12:48  Zergling x4  
  144  13:09  Zergling x20  
  146  13:15  Hive  
  146  13:17  Zergling x22  
  157  13:23  Extractor  
  157  13:27  Extractor  
  155  13:35  Zergling x12  
  155  13:36  Hatchery, Zergling x4  
  162  13:47  Spore Crawler  
  162  13:48  Spore Crawler x2  
  160  13:49  Spore Crawler, Drone x3  
  160  13:50  Drone x4  
  165  14:05  Zergling x14  
  172  14:10  Zergling x10  
  177  14:28  Hatchery  
  160  14:32  Zergling x2  
  160  14:33  Zergling x22  
  160  14:37  Zergling x4  
  159  14:40  Zergling x14  
  166  14:45  Baneling  
  166  14:46  Baneling x28  
  166  14:47  Baneling x10, Zergling x6  
  166  14:48  Zergling x2  
  170  14:53  Zergling x6  
  159  15:08  Zergling x2  
  159  15:09  Zergling x10  
  131  15:17  Zergling x2  
  131  15:18  Zergling x12  
  134  15:23  Zergling x4  
  134  15:24  Zergling x6  
  131  15:37  Zergling x10  
  131  15:39  Queen  
  131  15:41  Queen x2  
  131  15:42  Drone  
  143  15:48  Ultralisk Cavern  
  143  15:49  Zergling x10  
  147  15:50  Baneling x8  
  147  15:51  Baneling x22, Zergling x2  
  148  15:58  Zergling x2  
  148  15:59  Zergling x8  
  146  16:17  Zergling x2  
  146  16:18  Zergling x26  
  135  16:23  Zergling x4  
  135  16:24  Zergling x4  
  138  16:37  Baneling x2  
  138  16:38  Baneling x3, Ultralisk  
  138  16:39  Ultralisk x4, Zergling x8  
  172  16:41  Baneling x7  
  172  16:42  Baneling  
  172  16:46  Ultralisk x2, Zergling x2  
  185  17:00  Zergling x18  
  185  17:01  Zergling x12  
  191  17:02  Baneling x6  
  191  17:03  Zergling x6  
  183  17:12  Chitinous Plating  
  175  17:21  Zergling x8  
  175  17:22  Zergling x16  
  179  17:28  Drone x5  
  184  17:31  Drone  
  184  17:32  Drone  
  186  17:47  Drone x2  
  186  17:48  Drone x5  
  189  18:10  Zergling x2  
  189  18:11  Zergling x20  
  196  18:35  Hatchery  
  194  18:58  Zergling x2  
  194  18:59  Zergling x34  
  137  19:14  Zergling x10  
  130  19:24  Baneling Nest  
  130  19:25  Zergling x10  
  132  19:38  Zergling x8  
  135  19:44  Zergling x4  
  135  19:45  Zergling x4  
  139  20:08  Zergling x6  
  139  20:09  Zergling x12  
  139  20:11  Queen, Drone x3  
  137  20:23  Zergling x28  
  138  20:33  Zergling x2  
  138  20:34  Zergling x8  
  133  20:36  Baneling x13  
  133  20:41  Zergling x2  
  134  20:45  Drone x4  
  137  21:04  Hatchery, Zergling x18  
  137  21:05  Zergling x16  
  153  21:17  Extractor  
  152  21:19  Zergling x6  
  152  21:20  Zergling x8  
  159  21:26  Zergling x2  
  159  21:27  Zergling x6  
  159  21:29  Zergling x4  
  160  21:44  Zergling x18  
  131  21:52  Zergling x8  
  123  22:06  Zergling x2  
  123  22:07  Zergling x18  
  133  22:20  Drone x3  
  133  22:21  Drone x2  
  138  22:29  Zergling x14  
  145  22:43  Baneling x17  
  145  22:44  Baneling  
  145  22:45  Drone  
  145  23:16  Zergling x30  
  160  23:32  Hatchery  
  159  23:51  Zergling x26  
  172  23:58  Queen, Hatchery  
  173  24:06  Baneling x6  
  173  24:07  Baneling x6  
  173  24:08  Baneling x8  
  173  24:09  Baneling  
Tags
 
Add a new tag
Caveats
  • Supply blocks, unpowered buildings, or Contaminate may cause inaccurate times.
  • Supply counts are checked every 10 seconds.